 Dungeon Crawl Stone Soup version 0.23.2 (webtiles) character file.

Game seed: 17823677359069484921

65 BigChef the Ruffian (level 3, 0/36 HPs)
             Began as a Troll Chaos Knight on Sept 8, 2019.
             Was a Plaything of Xom.
             Slain by a goblin
             ... wielding a +0 club
              (2 damage)
             ... on level 2 of the Dungeon.
             The game lasted 00:02:44 (1015 turns).

BigChef the Ruffian (Troll Chaos Knight)            Turns: 1015, Time: 00:02:45

Health: 0/36       AC:  8    Str: 21    XL:     3   Next: 94%
Magic:  2/2        EV: 10    Int:  8    God:    Xom [..*...]
Gold:   66         SH:  0    Dex:  9    Spells: 2/2 levels left

rFire    . . .     SeeInvis .     - Unarmed
rCold    . . .     Gourm    +   (no shield)
rNeg     . . .     Faith    .   a - +2 robe
rPois    .         Spirit   .   (helmet restricted)
rElec    .         Reflect  .   (no cloak)
rCorr    .         Harm     .   (gloves unavailable)
MR       .....                  (boots unavailable)
Stlth    +.........             c - amulet of inaccuracy (curse)
HPRegen  0.52/turn              (no ring)
MPRegen  0.08/turn              (no ring)

@: no status effects
A: large, unfitting armour, claws 3, fast metabolism 3, gourmand, regeneration
1, shaggy fur 1, tough skin 3
a: Renounce Religion


You were on level 2 of the Dungeon.
You worshipped Xom.
You were a toy of Xom.
You were very full.

You visited 1 branch of the dungeon, and saw 2 of its levels.

You collected 66 gold pieces.

Inventory:

Armour
 a - a +2 robe (worn)
Jewellery
 c - a cursed amulet of inaccuracy (around neck)
Scrolls
 e - 2 scrolls of identify
Potions
 d - a potion of cancellation {unknown}
Comestibles
 b - 5 rations


   Skills:
 + Level 2.7 Fighting
 + Level 2.3 Dodging
 + Level 0.2 Stealth
 + Level 4.1 Unarmed Combat


You had 2 spell levels left.
You didn't know any spells.
Your spell library was empty.

Dungeon Overview and Level Annotations

Branches:
Dungeon (2/15)

Altars:


Innate Abilities, Weirdness & Mutations

You are too large for most types of armour.
You have claws for hands.
Your metabolism is lightning-fast.
You like to eat raw meat.
Your natural rate of healing is unusually fast.
You are covered in fur. (AC +1)
You have extremely tough skin. (AC +3)


Message History

The worm is almost dead.
The worm bites you.
* * * LOW HITPOINT WARNING * * *
You barely miss the worm.
The worm is almost dead.
You closely miss the worm.
The worm is almost dead.
The worm bites you.
* * * LOW HITPOINT WARNING * * *
Your trail of clouds dissipates.
The goblin hits you with a +0 club.
* * * LOW HITPOINT WARNING * * *
The adder barely misses you. The adder bites you but does no damage.
You see here a ration.
You closely miss the adder.
The adder is lightly wounded.
The adder closely misses you. The goblin hits you with a +0 club.
You die...
Xom chortles!

∆ ... . .... . ....# .#
........# #.# .........
###..# .........# #...
........!.###.#
.........S@g.w##
.......###S#...# .
#......###...#w#### ##.
#..%...†..r)☼.....######...
∆
.......(.....##..........#
∆
.......".....#####......##
∆ ∆
#.............#######...#
#........#.........).S#.###
#..>..#..#.....#.÷.#S......


You could see 2 worms, 2 adders, a quokka and a goblin.

Vanquished Creatures
  A hound zombie (D:2)
  An adder (D:2)
  2 worms (D:2)
  2 leopard geckos (D:2)
  A ball python (D:1)
  2 giant cockroaches (D:1)
  6 goblins
  4 hobgoblins
  A quokka (D:2)
  7 bats
  2 frilled lizards (D:1)
  4 kobolds
33 creatures vanquished.

Notes
Turn   | Place    | Note
-------+----------+-------------------------------------------
     0 | D:1      | BigChef the Troll Chaos Knight began the quest for the Orb.
     0 | D:1      | Reached XP level 1. HP: 22/22 MP: 0/0
    10 | D:1      | XOM: harmless Tmut miscast
   125 | D:1      | Reached XP level 2. HP: 29/29 MP: 1/1
   190 | D:1      | XOM: silly message
   353 | D:1      | XOM: harmless Hex miscast
   449 | D:1      | XOM: cloud trail
   634 | D:1      | XOM: divination: detect creatures
   745 | D:2      | XOM: potion effect (invisibility)
   756 | D:2      | Reached XP level 3. HP: 36/36 MP: 2/2
   784 | D:2      | Reached skill level 4 in Unarmed Combat
   907 | D:2      | XOM: cloud trail
   955 | D:2      | XOM: cast spell 'Summon Butterflies'
   966 | D:2      | XOM: divination: detect items
  1012 | D:2      | HP: 1/36 [goblin/+0 club (3)]
  1015 | D:2      | Slain by a goblin

Skill      XL: |  1  2  3 |
---------------+----------+-----
Dodging        | 2 |  2.3
Unarmed Combat | 4 |  4.1
Fighting       | |  2.7
Stealth        | |  0.2

Action                   || total
-------------------------++-------
Melee: Unarmed           ||   155
  Use: Scroll            ||     1
 Stab: Invisible         ||     3
       Sleeping          ||     3
  Eat: Chunk             ||    13
Armor: Robe              ||    87
Dodge: Dodged            ||   124
